[ AOE2 MATCH · #495715146 ]
UnrankedDravidians vs Magyars
Player's team · LOSS
Rival team · WIN
[ REPLAY ANALYSIS · EXTRACTED FROM THE RECORDED GAME ]
Feudal
9:56
Castle
22:04
Imperial
38:27
| APM avg | 44.1 |
| APM peak | 74 |
| eAPM avg | 22.4 |
| Villagers / military | 151 / 156 |
Focus
⚔️ 31.2% · 🌾 68.8%
Archer ×75 · Skirmisher ×58 · Spearman ×8 · Urumi Swordsman ×7 · Militia ×3 · Bombard Cannon ×3
Feudal
8:25
Castle
19:39
Imperial
36:51
| APM avg | 42.8 |
| APM peak | 86 |
| eAPM avg | 22.2 |
| Villagers / military | 154 / 165 |
Focus
⚔️ 37.8% · 🌾 62.2%
Scout Cavalry ×97 · Cavalry Archer ×48 · Trebuchet (Packed) ×8 · Monk ×5 · Mangonel ×3 · Magyar Huszar ×2
Match map
Initial resources + every placement click. Lines = walls · curves = elevation contours. ◆ gold · ⬟ stone · ● berries · ✦ relic · ◌ wall gap
Your base· ✓ Closed at 22:04 · 48t walls · 1 gate(s)
alri10's base· ✓ Closed at 19:39 · 42t walls · 1 gate(s)
Smoothed initial terrain · ◌ = detected wall gap · hover for details
Inputs per minute
— simonthepope - - alri10
Build order — simonthepope
First 150 of 469 actions detected
| 0:01 | Create | Villager (Male) ×4 |
| 0:03 | Build | House |
| 0:04 | Build | House |
| 1:26 | Create | Villager (Male) |
| 1:49 | Build | Lumber Camp |
| 1:59 | Create | Villager (Male) |
| 2:16 | Create | Villager (Male) |
| 2:35 | Create | Villager (Male) |
| 2:41 | Build | House |
| 3:03 | Create | Villager (Male) |
| 3:23 | Create | Villager (Male) |
| 4:04 | Create | Villager (Male) |
| 4:16 | Create | Villager (Male) |
| 4:39 | Create | Villager (Male) |
| 4:54 | Create | Villager (Male) |
| 4:57 | Create | Villager (Male) |
| 5:45 | Build | House |
| 5:54 | Create | Villager (Male) |
| 6:09 | Create | Villager (Male) |
| 6:46 | Build | Barracks |
| 7:00 | Research | Loom |
| 7:13 | Build | Mill |
| 7:46 | Research | Feudal Age |
| 7:50 | Create | Militia |
| 7:50 | Create | Militia |
| 7:54 | Build | Mining Camp |
| 8:21 | Build | House |
| 8:40 | Build | Palisade Wall |
| 8:44 | Build | Palisade Wall |
| 8:46 | Build | Palisade Wall |
| 8:52 | Create | Militia |
| 9:00 | Create | Villager (Male) |
| 9:05 | Build | Palisade Wall |
| 9:47 | Build | Palisade Wall |
| 9:56 | Age | Feudal Age |
| 9:59 | Create | Spearman |
| 9:59 | Create | Spearman |
| 10:01 | Research | Man-at-Arms (upgrade) |
| 10:17 | Create | Villager (Male) |
| 10:23 | Research | Double-Bit Axe |
| 10:27 | Build | Archery Range |
| 10:57 | Create | Villager (Male) |
| 11:04 | Build | House |
| 11:06 | Create | Villager (Male) |
| 11:10 | Build | Farm |
| 11:10 | Build | Farm |
| 11:10 | Build | Farm |
| 11:10 | Build | Farm |
| 11:44 | Create | Spearman |
| 11:51 | Build | Palisade Wall |
| 11:55 | Create | Villager (Male) |
| 11:55 | Create | Villager (Male) |
| 12:01 | Create | Archer |
| 12:02 | Create | Villager (Male) |
| 12:14 | Create | Villager (Male) |
| 12:15 | Create | Villager (Male) |
| 13:00 | Create | Archer |
| 13:01 | Create | Villager (Male) |
| 13:01 | Create | Villager (Male) |
| 13:05 | Build | Blacksmith |
| 13:07 | Create | Villager (Male) |
| 13:09 | Build | Farm |
| 13:26 | Build | House |
| 13:27 | Build | House |
| 13:28 | Create | Archer |
| 13:52 | Build | Palisade Wall |
| 13:57 | Create | Archer |
| 14:05 | Build | Palisade Gate |
| 14:09 | Create | Villager (Male) |
| 14:20 | Research | Horse Collar |
| 14:23 | Create | Villager (Male) |
| 14:25 | Build | Farm |
| 14:40 | Create | Archer |
| 14:43 | Create | Villager (Male) ×3 |
| 14:51 | Build | House |
| 14:55 | Build | Farm |
| 14:56 | Build | Farm |
| 14:58 | Build | Farm |
| 15:08 | Create | Archer |
| 15:10 | Create | Villager (Male) |
| 15:32 | Build | House |
| 15:42 | Create | Villager (Male) |
| 15:53 | Build | Farm |
| 15:53 | Build | Farm |
| 16:01 | Create | Archer |
| 16:01 | Create | Archer |
| 16:27 | Build | House |
| 16:35 | Create | Villager (Male) |
| 16:40 | Research | Fletching |
| 16:45 | Create | Archer |
| 16:58 | Build | Farm |
| 16:59 | Build | Farm |
| 17:00 | Build | Farm |
| 17:05 | Create | Villager (Male) |
| 17:08 | Create | Archer |
| 17:09 | Create | Villager (Male) |
| 17:28 | Build | Farm |
| 17:47 | Create | Villager (Male) |
| 17:50 | Build | Archery Range |
| 17:53 | Build | Farm |
| 17:57 | Create | Villager (Male) |
| 18:08 | Build | Market |
| 18:13 | Create | Villager (Male) |
| 18:14 | Create | Archer |
| 18:15 | Create | Archer |
| 18:30 | Create | Spearman |
| 18:51 | Build | House |
| 18:52 | Build | House |
| 19:09 | Build | Palisade Wall |
| 19:10 | Build | Palisade Wall |
| 19:11 | Build | Palisade Wall |
| 19:20 | Research | Castle Age |
| 19:34 | Create | Spearman |
| 19:36 | Create | Archer |
| 19:38 | Research | Padded Archer Armor |
| 19:45 | Research | Fletching |
| 19:55 | Build | Farm |
| 20:06 | Build | Archery Range |
| 20:09 | Build | Farm |
| 20:35 | Research | Padded Archer Armor |
| 20:39 | Research | Scale Mail Armor |
| 20:41 | Create | Spearman |
| 20:41 | Create | Spearman |
| 20:44 | Build | Farm |
| 20:47 | Build | Farm |
| 20:48 | Build | Farm |
| 21:00 | Create | Archer |
| 21:00 | Create | Archer |
| 21:15 | Create | Archer |
| 21:17 | Create | Spearman |
| 21:23 | Build | Palisade Wall |
| 21:26 | Build | Palisade Wall |
| 21:32 | Create | Archer |
| 22:04 | Age | Castle Age |
| 22:10 | Research | Crossbowman (upgrade) |
| 22:19 | Research | Bodkin Arrow |
| 22:25 | Build | Town Center |
| 22:44 | Create | Villager (Male) |
| 22:44 | Create | Villager (Male) |
| 22:50 | Create | Archer |
| 22:51 | Create | Archer |
| 22:51 | Create | Archer |
| 22:52 | Create | Villager (Male) |
| 23:11 | Create | Archer |
| 23:11 | Create | Archer |
| 23:17 | Build | Town Center |
| 23:25 | Create | Villager (Male) |
| 23:27 | Create | Villager (Male) |
| 23:39 | Create | Villager (Male) |
| 23:42 | Build | House |
Build order — alri10
First 150 of 555 actions detected
| 0:00 | Create | Villager (Male) |
| 0:00 | Create | Villager (Male) |
| 0:00 | Create | Villager (Male) |
| 0:01 | Create | Villager (Male) |
| 0:03 | Build | House |
| 0:04 | Build | House |
| 1:26 | Create | Villager (Male) |
| 1:58 | Create | Villager (Male) |
| 1:58 | Create | Villager (Male) |
| 2:11 | Create | Villager (Male) |
| 2:22 | Build | Lumber Camp |
| 2:41 | Create | Villager (Male) |
| 3:01 | Create | Villager (Male) |
| 3:26 | Create | Villager (Male) |
| 3:35 | Create | Villager (Male) |
| 3:49 | Build | House |
| 4:06 | Create | Villager (Male) |
| 4:29 | Create | Villager (Male) |
| 4:35 | Create | Villager (Male) |
| 4:55 | Build | Mill |
| 5:45 | Create | Villager (Male) |
| 6:11 | Research | Feudal Age |
| 6:11 | Research | Feudal Age |
| 6:50 | Research | Loom |
| 7:12 | Build | Barracks |
| 7:46 | Build | House |
| 8:05 | Create | Villager (Male) |
| 8:12 | Build | Palisade Wall |
| 8:25 | Age | Feudal Age |
| 8:32 | Build | Stable |
| 8:37 | Create | Villager (Male) |
| 8:47 | Research | Double-Bit Axe |
| 8:59 | Build | House |
| 9:12 | Create | Villager (Male) |
| 9:27 | Build | Farm |
| 9:35 | Create | Scout Cavalry |
| 9:35 | Create | Scout Cavalry |
| 9:40 | Build | Farm |
| 9:43 | Build | Palisade Wall |
| 9:47 | Create | Villager (Male) |
| 10:05 | Create | Villager (Male) |
| 10:07 | Build | Farm |
| 10:19 | Create | Villager (Male) |
| 10:27 | Build | Farm |
| 10:30 | Build | House |
| 10:33 | Build | Palisade Wall |
| 10:35 | Create | Villager (Male) |
| 10:39 | Build | Palisade Wall |
| 10:44 | Create | Scout Cavalry |
| 10:49 | Build | House |
| 10:53 | Build | Palisade Wall |
| 10:57 | Create | Villager (Male) |
| 11:12 | Create | Villager (Male) |
| 11:28 | Create | Villager (Male) |
| 11:30 | Build | Farm |
| 11:41 | Build | Palisade Gate |
| 11:46 | Build | House |
| 12:00 | Create | Villager (Male) |
| 12:04 | Create | Villager (Male) |
| 12:13 | Create | Scout Cavalry |
| 12:28 | Create | Villager (Male) |
| 12:39 | Build | Farm |
| 12:40 | Build | Farm |
| 12:41 | Build | Farm |
| 12:41 | Build | Farm |
| 12:56 | Create | Villager (Male) |
| 13:03 | Build | Farm |
| 13:19 | Create | Villager (Male) |
| 13:21 | Build | Farm |
| 13:21 | Build | Farm |
| 13:22 | Build | Farm |
| 13:39 | Build | House |
| 13:42 | Build | Palisade Wall |
| 13:43 | Create | Villager (Male) |
| 13:50 | Build | Farm |
| 13:50 | Build | Farm |
| 14:04 | Create | Spearman |
| 14:13 | Build | Mining Camp |
| 14:36 | Build | Farm |
| 15:08 | Build | House |
| 15:10 | Build | Palisade Wall |
| 15:21 | Build | House |
| 15:24 | Create | Villager (Male) |
| 15:26 | Research | Wheelbarrow |
| 16:03 | Build | Archery Range |
| 16:59 | Research | Castle Age |
| 16:59 | Research | Castle Age |
| 17:00 | Research | Castle Age |
| 17:09 | Build | Blacksmith |
| 17:50 | Research | Bloodlines |
| 17:53 | Research | Horse Collar |
| 18:34 | Build | Archery Range |
| 18:45 | Build | House |
| 18:51 | Research | Gold Mining |
| 18:56 | Research | Fletching |
| 18:56 | Research | Padded Archer Armor |
| 19:09 | Research | Scale Barding Armor |
| 19:24 | Create | Villager (Male) |
| 19:39 | Age | Castle Age |
| 19:40 | Build | Farm |
| 19:42 | Create | Cavalry Archer |
| 19:42 | Create | Cavalry Archer |
| 19:43 | Research | Bodkin Arrow |
| 20:01 | Create | Villager (Male) |
| 20:03 | Create | Villager (Male) |
| 20:08 | Create | Cavalry Archer |
| 20:08 | Create | Cavalry Archer |
| 20:19 | Build | Lumber Camp |
| 20:26 | Create | Cavalry Archer |
| 20:27 | Create | Villager (Male) |
| 20:30 | Build | Farm |
| 20:50 | Create | Cavalry Archer |
| 20:51 | Create | Villager (Male) |
| 21:03 | Create | Cavalry Archer |
| 21:03 | Create | Cavalry Archer |
| 21:03 | Create | Villager (Male) |
| 21:20 | Research | Bow Saw |
| 21:34 | Create | Villager (Male) |
| 21:40 | Create | Villager (Male) |
| 21:46 | Create | Cavalry Archer |
| 22:01 | Build | Town Center |
| 22:13 | Create | Cavalry Archer |
| 22:19 | Build | Farm |
| 22:32 | Create | Villager (Male) |
| 22:34 | Create | Cavalry Archer |
| 22:34 | Create | Cavalry Archer |
| 22:35 | Create | Villager (Male) |
| 22:43 | Create | Villager (Male) |
| 22:45 | Create | Cavalry Archer |
| 22:48 | Create | Villager (Male) |
| 22:49 | Build | Farm |
| 23:17 | Create | Villager (Male) |
| 23:21 | Create | Villager (Male) |
| 23:29 | Build | Siege Workshop |
| 23:34 | Create | Cavalry Archer |
| 23:35 | Create | Cavalry Archer |
| 23:35 | Create | Villager (Male) |
| 23:40 | Build | House |
| 23:45 | Research | Town Watch |
| 23:52 | Create | Villager (Male) |
| 24:00 | Build | House |
| 24:00 | Build | House |
| 24:11 | Research | Husbandry |
| 24:18 | Create | Mangonel |
| 24:23 | Create | Villager (Male) |
| 24:24 | Create | Villager (Male) |
| 24:29 | Create | Cavalry Archer |
| 24:30 | Create | Cavalry Archer |
| 24:37 | Build | Farm |
| 24:42 | Create | Cavalry Archer |
Match timeline
| 6:46 | simonthepope · first_building Barracks |
| 7:12 | alri10 · first_building Barracks |
| 8:12 | alri10 · wall_segment Palisade Wall x3 |
| 8:25 | alri10 · age_up feudal |
| 8:32 | alri10 · first_building Stable |
| 8:40 | simonthepope · wall_segment Palisade Wall x1 |
| 8:44 | simonthepope · wall_segment Palisade Wall x7 |
| 8:46 | simonthepope · wall_segment Palisade Wall x11 |
| 9:05 | simonthepope · wall_segment Palisade Wall x2 |
| 9:43 | alri10 · wall_segment Palisade Wall x4 |
| 9:47 | simonthepope · wall_segment Palisade Wall x10 |
| 9:56 | simonthepope · age_up feudal |
| 10:27 | simonthepope · first_building Archery Range |
| 10:33 | alri10 · wall_segment Palisade Wall x9 |
| 10:39 | alri10 · wall_segment Palisade Wall x6 |
| 10:53 | alri10 · wall_segment Palisade Wall x7 |
| 11:51 | simonthepope · wall_segment Palisade Wall x10 |
| 13:42 | alri10 · wall_segment Palisade Wall x6 |
| 13:52 | simonthepope · wall_segment Palisade Wall x1 |
| 15:10 | alri10 · wall_segment Palisade Wall x13 |
| 16:03 | alri10 · first_building Archery Range |
| 19:09 | simonthepope · wall_segment Palisade Wall x3 |
| 19:10 | simonthepope · wall_segment Palisade Wall x1 |
| 19:11 | simonthepope · wall_segment Palisade Wall x1 |
| 19:19 | simonthepope · first_market_sell 100 stone |
| 19:39 | alri10 · age_up castle |
| 21:23 | simonthepope · wall_segment Palisade Wall x1 |
| 21:26 | simonthepope · wall_segment Palisade Wall x1 |
| 22:04 | simonthepope · age_up castle |
| 23:08 | simonthepope · first_market_buy 100 stone |
| 23:29 | alri10 · first_building Siege Workshop |
| 25:26 | simonthepope · first_building Siege Workshop |
| 27:18 | alri10 · first_building Monastery |
| 28:23 | alri10 · wall_segment Palisade Wall x10 |
| 29:30 | simonthepope · first_building Castle |
| 30:09 | alri10 · wall_segment Palisade Wall x1 |
| 31:04 | alri10 · first_building Castle |
| 32:56 | simonthepope · wall_segment Stone Wall x16 |
| 33:09 | simonthepope · wall_segment Stone Wall x13 |
| 33:32 | alri10 · first_market_sell 100 wood |
| 33:55 | simonthepope · wall_segment Stone Wall x9 |
| 36:20 | alri10 · first_market_buy 100 food |
| 36:51 | alri10 · age_up imperial |
| 38:05 | simonthepope · wall_segment Stone Wall x5 |
| 38:07 | simonthepope · wall_segment Palisade Wall x3 |
| 38:09 | simonthepope · wall_segment Stone Wall x1 |
| 38:13 | simonthepope · wall_segment Stone Wall x6 |
| 38:27 | simonthepope · age_up imperial |
| 38:51 | simonthepope · wall_segment Stone Wall x4 |
| 39:52 | simonthepope · wall_segment Stone Wall x7 |
| 49:20 | simonthepope · resign |
[ AI ANALYSIS · 1 CREDIT ]
What really happened in this match?
Wolo.gg analyzes every decision: build order, eco, micro, common mistakes by bracket. Personalized analysis on WhatsApp or Discord in 30 seconds.
Civ guide
Dravidians
Perfil
Jugador #10425540